 Dungeon Crawl Stone Soup version 0.30-a0-782-ge64f9170bb (webtiles) character file.

Game seed: 15144574706077261335

3360544 browni3141 the Hoplite (level 27, 267/267 HPs)
             Began as a Yellow Draconian Hunter on Feb 18, 2023.
             Was the Champion of Fedhas.
             Escaped with the Orb
             ... and 5 runes on Feb 19, 2023!
             The game lasted 03:33:49 (64537 turns).

browni3141 the Hoplite (Yellow Draconian Hunter)   Turns: 64537, Time: 03:33:49

Health: 267/267    AC: 25    Str: 16    XL:     27
Magic:  38/38      EV: 33    Int:  9    God:    Fedhas [******]
Gold:   1061       SH: 38    Dex: 30    Spells: 17/36 levels left

rFire   + . .      SeeInvis +    a - +9 hand crossbow (flame)
rCold   + + .      Faith    .    N - +6 tower shield of the Storm King {Rampage Dex+5}
rNeg    . . .      Spirit   .    (body armour unavailable)
rPois   .          Reflect  +    J - +2 hat
rElec   .          Harm     .    P - +4 dragonskin cloak
rCorr   +          Rampage  +    K - +2 pair of gloves
Will    ++++.      Rage     9%   v - +1 pair of boots {Stlth+}
Stlth   +++                      H - amulet "Palelut" {Reflect Will+ Regen+ Str+4 Dex-4 SH+5}
HPRegen 1.44/turn                U - ring "Qyawaot" {Dex+6 SInv}
MPRegen 0.26/turn                y - ring "Hyplidao" {rF+ rC++ Will+}

@: studying Ranged Weapons
A: spit acid, AC +13, unfitting armour, acidic bite, cold-blooded, acid
resistance, stinger 1, berserk 2, clumsy 2, dopey 1, robust 1, weak 1
0: Orb of Zot
}: 5/15 runes: decaying, slimy, silver, abyssal, gossamer
a: Breathe Acid, Renounce Religion, Wall of Briars, Grow Ballistomycete,
Overgrow, Grow Oklob


You escaped.
You worshipped Fedhas.
Fedhas was exalted by your worship.
You visited 10 branches of the dungeon, and saw 50 of its levels.
You visited the Abyss 1 time.
You also visited: Trove, Gauntlet and Ice Cave.

You collected 9265 gold pieces.
You spent 8204 gold pieces at shops.

Inventory:

Hand Weapons
 a - a +9 hand crossbow of flaming (weapon)
 b - the +4 hand crossbow "Zoidghuh" {chaos, Int+7 Dex+3}
   (You took it off a guardian mummy on level 1 of the Realm of Zot)

   Int:       It affects your intelligence (+7).
   Dex:       It affects your dexterity (+3).
Missiles
 B - 11 curare-tipped darts
 M - 4 throwing nets
Armour
 v - a +1 pair of boots of stealth (worn)
 J - a +2 hat (worn)
 K - a +2 pair of gloves (worn)
 N - the +6 tower shield of the Storm King (worn) {Rampage Dex+5}
   (You acquired it on level 5 of the Lair of Beasts)

   Dex:       It affects your dexterity (+5).
   Rampage:   It bestows one free step when moving towards enemies.
 P - the +4 dragonskin cloak (worn)
   (You took it off Tiamat on level 1 of the Realm of Zot)

   Avatar's Aegis: It grants the wearer a chance to resist fire, cold, poison,
   electricity, acid, and negative energy.
Jewellery
 f - a ring of positive energy
 j - a ring of flight
 y - the ring "Hyplidao" (right hand) {rF+ rC++ Will+}
   (You found it on level 5 of the Dungeon)

   [ring of willpower]

   rF:        It protects you from fire.
   rC:        It greatly protects you from cold.
   Will:      It increases your willpower.
 E - the ring of the Messenger {rC+ MP+9}
   (You found it on level 5 of the Dungeon)

   [ring of magical power]

   rC:        It protects you from cold.
   MP:        It affects your magic capacity (+9).
 H - the amulet "Palelut" (around neck) {Reflect Will+ Regen+ Str+4 Dex-4 SH+5}
   (You acquired it on level 4 of the Depths)

   [amulet of reflection]

   It reflects blocked missile attacks.
   Str:       It affects your strength (+4).
   Dex:       It affects your dexterity (-4).
   Regen:     It increases your rate of health regeneration.
   SH:        It affects your SH (+5).
   Will:      It increases your willpower.
 U - the ring "Qyawaot" (left hand) {Dex+6 SInv}
   (You bought it in a shop on level 1 of the Depths)

   [ring of dexterity]

   Dex:       It affects your dexterity (+6).
   SInv:      It lets you see invisible.
 Y - the ring of Afutt {Wiz rPois}
   (You took it off a frost giant on level 3 of the Depths)

   [ring of wizardry]

   It improves your spell success rate.
   rPois:     It protects you from poison.
Wands
 h - a wand of flame (41)
 u - a wand of digging (14)
 x - a wand of iceblast (46)
 A - a wand of light (9)
 R - a wand of mindburst (28)
 X - a wand of paralysis (65)
Scrolls
 d - 12 scrolls of butterflies
 g - 19 scrolls of immolation
 r - 2 scrolls of torment
 s - 23 scrolls of teleportation
 w - 7 scrolls of poison
 D - 9 scrolls of blinking
 G - 8 scrolls of magic mapping
 I - 9 scrolls of vulnerability
 L - 8 scrolls of amnesia
 S - 4 scrolls of fear
 T - 2 scrolls of silence
 W - 5 scrolls of fog
Potions
 c - 3 potions of resistance
 e - 10 potions of magic
 i - a potion of cancellation
 k - 8 potions of brilliance
 l - 8 potions of heal wounds
 m - 13 potions of lignification
 n - 7 potions of mutation
 o - 2 potions of invisibility
 p - 5 potions of haste
 t - 12 potions of ambrosia
 z - 25 potions of curing
 O - 7 potions of might
Miscellaneous
 q - a box of beasts
 C - a phantom mirror
 F - a tin of tremorstones (2/2)
 Q - a condenser vane (inert)
 V - a piece from Xom's chessboard (15/15)
 Z - a phial of floods


   Skills:
 + Level 19.1 Fighting
 + Level 21.0 Ranged Weapons
 * Level 18.7 Dodging
 + Level 13.6 Stealth
 * Level 23.1 Shields
 - Level 5.0 Spellcasting
 - Level 12.0 Translocations
 - Level 4.0 Air Magic
 * Level 22.8 Invocations
 + Level 13.0 Evocations


You had 17 spell levels left.
You knew the following spells:

 Your Spells              Type           Power      Damage    Failure   Level
a - Blink                 Tloc           46%        N/A       1%          2
b - Apportation           Tloc           46%        N/A       1%          1
c - Dispersal             Tloc           11%        N/A       38%         6
d - Lesser Beckoning      Tloc           46%        N/A       1%          2
e - Vhi's Electric Charg  Tloc/Air       32%        N/A       4%          3
f - Silence               Hex/Air        2%         N/A       99%         5

Your spell library contained the following spells:

 Spells                   Type           Power      Damage    Failure   Level
 Gell's Gravitas          Tloc           23%        N/A       1%          3
 Manifold Assault         Tloc           23%        N/A       2%          4
 Momentum Strike          Conj/Tloc      26%        3d8       4%          2
 Kindle Blastsparks       Fire/Tloc/Air  22%        2d11      13%         3
 Shock                    Conj/Air       20%        1d4       16%         1
 Swiftness                Air            9%         N/A       22%         3
 Static Discharge         Conj/Air       10%        2-3/arc   24%         2
 Iskenderun's Mystic Bla  Conj/Tloc      13%        2d5       30%         4
 Cigotuvi's Dreadful Rot  Necr/Pois/Air  8%         N/A       32%         2
 Beastly Appendage        Tmut           4%         N/A       36%         1
 Freeze                   Ice            8%         1d3       36%         1
 Magic Dart               Conj           8%         1d3       36%         1
 Slow                     Hex            8%         N/A       36%         1
 Call Imp                 Summ           2%         N/A       50%         2
 Ensorcelled Hibernation  Hex/Ice        4%         N/A       50%         2
 Passwall                 Tmut/Erth      1%         N/A       50%         2
 Sublimation of Blood     Necr           2%         N/A       50%         2
 Wereblood                Tmut           2%         N/A       50%         2
 Mephitic Cloud           Conj/Pois/Air  4%         N/A       54%         3
 Airstrike                Air            4%         2d(1-17)  56%         4
 Call Canine Familiar     Summ           2%         N/A       73%         3
 Confusing Touch          Hex            2%         N/A       73%         3
 Frozen Ramparts          Ice            4%         1d1       73%         3
 Hailstorm                Conj/Ice       2%         3d3       73%         3
 Inner Flame              Hex/Fire       2%         N/A       73%         3
 Spider Form              Tmut/Pois      2%         N/A       73%         3
 Vampiric Draining        Necr           2%         2d6       73%         3
 Summon Lightning Spire   Summ/Air       5%         N/A       85%         4
 Anguish                  Hex/Necr       1%         N/A       98%         4
 Cause Fear               Hex            1%         N/A       98%         4
 Dispel Undead            Necr           2%         3d7       98%         4
 Flame Wave               Conj/Fire      2%         2d4       98%         4
 Fulminant Prism          Conj/Hex       1%         3d5       98%         4
 Ice Form                 Ice/Tmut       2%         N/A       98%         4
 Leda's Liquefaction      Hex/Erth       1%         N/A       98%         4
 Petrify                  Tmut/Erth      2%         N/A       98%         4
 Sticky Flame             Conj/Fire      2%         2d3       98%         4
 Summon Ice Beast         Ice/Summ       2%         N/A       98%         4
 Arcjolt                  Conj/Air       2%         1d12      99%         5
 Lightning Bolt           Conj/Air       2%         1d14      99%         5
 Alistair's Intoxication  Tmut/Pois      1%         N/A       100%        5
 Blade Hands              Tmut           1%         N/A       100%        5
 Borgnjor's Vile Clutch   Necr/Erth      1%         N/A       100%        5
 Fireball                 Conj/Fire      1%         3d3       100%        5
 Irradiate                Conj/Tmut      1%         3d12      100%        5
 Iskenderun's Battlesphe  Conj           2%         2d6       100%        5
 Lee's Rapid Deconstruct  Erth           1%         3d4*      100%        5
 Metabolic Englaciation   Hex/Ice        1%         N/A       100%        5
 Summon Mana Viper        Hex/Summ       2%         N/A       100%        5
 Yara's Violent Unravell  Hex/Tmut       1%         3d3       100%        5
 Conjure Ball Lightning   Conj/Air       2%         3x3d6     100%        6
 Death Channel            Necr           1%         N/A       100%        6
 Simulacrum               Ice/Necr       1%         N/A       100%        6
 Statue Form              Tmut/Erth      1%         N/A       100%        6
 Dragon Form              Tmut           1%         N/A       100%        7
 Malign Gateway           Summ/Tloc      6%         N/A       100%        7
 Monstrous Menagerie      Summ           1%         N/A       100%        7
 Orb of Destruction       Conj           1%         9d5       100%        7
 Summon Hydra             Summ           1%         N/A       100%        7
 Discord                  Hex            1%         N/A       100%        8
 Disjunction              Tloc           11%        N/A       100%        8
 Death's Door             Necr           1%         N/A       100%        9
 Dragon's Call            Summ           1%         N/A       100%        9


Dungeon Overview and Level Annotations

Branches:
Dungeon (15/15)            Temple (1/1) D:4            Lair (5/5) D:8
  Swamp (4/4) Lair:3       Spider (4/4) Lair:2        Slime (5/5) Lair:5
    Orc (2/2) D:12            Elf (0/3) Orc:2        Vaults (5/5) D:13
  Crypt (0/3) Vaults:3     Depths (4/4) D:15            Zot (5/5) Depths:4
  IceCv (visited)         Gauntlet (visited)

Altars:
Ashenzari
Cheibriados
Dithmenos
Elyvilon
Fedhas
Gozag
Hepliaklqana
Kikubaaqudgha
Makhleb
Nemelex Xobeh
Okawaru
Qazlal
Ru
Sif Muna
Trog
Uskayaw
Vehumet
Wu Jian
Xom
Yredelemnul
Zin
The Shining One
Jiyva

Shops:
D:2 =   D:3 !   D:5 [   D:8 ?(   D:11 *   D:14 (   D:15 *   Orc:2 !*([!
Vaults:2 !(   Vaults:4 (   Depths:1 [*   Depths:3 [?[*

Portals:
Hell: Depths:1 Depths:2 Depths:3 Depths:4
Abyss: Depths:3
Pandemonium: Depths:2 Depths:4
Ziggurat: Depths:2

Annotations:
D:11 2 transporters, Palms's ghost, journeyman VSFi
Swamp:3 2 transporters
Zot:1 8 runed translucent doors


Innate Abilities, Weirdness & Mutations

You can spit globs of acid.
Your golden yellow scales are hard. (AC +13)
You cannot fit into any form of body armour.
You have acidic saliva.
You are cold-blooded and may be slowed by cold attacks.
You are resistant to acid. (rCorr)
Your tail ends in a venomous barb.
You have an uncontrollable temper.
You are very clumsy. (Dex -4)
You are dopey. (Int -2)
You are robust. (+10% HP)
You are weak. (Str -2)


Message History

There is a stone staircase leading down, spattered with blood here.
You see here a +0 club.
You start resting.
You are no longer corroded.
You can't carry that many items.
Unknown command.
(D) Dungeon (T) Temple (L) Lair (S) Swamp (N) Spider Nest (M) Slime Pits (O) Orcish Mines (E) Elven Halls (V) Vaults (C) Crypt (U) Depths (H) Hell (Z) Zot
Where to? (Enter - D:1, ? - help)
What level of the Dungeon? (default 1, ? - help)
There is a stone staircase leading up here.
You climb upwards.
There is a stone staircase leading down here.
There is an open door here.
A rust devil comes into view.
You shoot a bolt. The bolt hits the rust devil!
The rust devil is lightly wounded.
You shoot a bolt. The bolt hits the rust devil!
The rust devil is heavily wounded.
You shoot a bolt. The bolt hits the rust devil.
The rust devil is severely wounded.
You shoot a bolt. The bolt hits the rust devil.
The rust devil is severely wounded.
You shoot a bolt. The bolt hits the rust devil!!
You kill the rust devil!
Fedhas accepts your kill.
There is an open door here.
There is an open door here.
HP restored.
There is a staircase leading out of the dungeon here.
You are a level 27 Yellow Draconian Hunter.
I'm sorry, level 27 is as high as you can go.
With the way you've been playing, I'm surprised you got this far.
Play time: 03:33:32 (64536 turns).
You are forever immune to Zot's power.
Unknown command.
Unknown command.
Unknown command.
You have escaped!

#####. ####.....
####........
###...........
##.............
##........######
##.....#####
##...#### #@.###
####


There were no monsters in sight!

Vanquished Creatures
  the Royal Jelly (Slime:5)
  3 dread liches
  8 ancient liches
  Tiamat (Zot:1)
  2 orbs of fire (Zot:5)
  3 pandemonium lords
  A juggernaut (Depths:2)
  Mennas (Vaults:2)
  The ghost of demibob the Acrobat, a veteran MiFi of Gozag (Zot:1)
  Sojobo (Vaults:5)
  Josephina (Zot:1)
  Boris (thrice) (Vaults:4 Depths:3 Zot:2)
  9 Killer Klowns
  Saint Roka (Orc:2)
  Margery (Depths:1)
  8 caustic shrikes (Depths:4)
  8 golden dragons
  4 bone dragons
  A Tzitzimitl (Zot:3)
  Arachne (Spider:4)
  4 electric golems
  A hellephant (D:7)
  21 tentacled monstrosities
  6 liches
  An Ice Fiend (IceCv)
  Zenata (Vaults:2)
  34 Orb Guardians
  8 titans
  A walking divine tome (Depths:2)
  4 quicksilver dragons
  An ancient champion (Vaults:3)
  26 acid blobs
  8 death cobs
  A tentacled starspawn (Abyss:3)
  An Executioner (D:9)
  2 sphinxes
  11 shadow dragons
  8 tengu reavers
  2 draconian monks
  12 azure jellies
  5 storm dragons
  A daeva (Depths:1)
  Donald (Swamp:4)
  3 fenstrider witches
  Roxanne (Swamp:3)
  12 rockslimes
  8 frost giants
  An iron dragon (Depths:3)
  The ghost of Naistiu the Spry, an adept DESu of Gozag (Swamp:3)
  Aizul (Vaults:4)
  20 vault wardens
  3 emperor scorpions
  8 fire giants
  3 draconian scorchers
  3 draconian knights (Zot:1)
  3 balrugs
  2 demonspawn corrupters
  2 caustic shrike zombies
  A deep elf sorcerer (Abyss:3)
  4 draconian shifters (Zot:1)
  2 orc warlords
  A draconian annihilator (Zot:1)
  5 war gargoyles
  8 ghost moths
  26 very ugly things
  3 angels
  2 cacodemons
  A reaper (Depths:1)
  A stone giant (shapeshifter) (Depths:3)
  4 draconian stormcallers
  2 spriggan defenders (Depths:4)
  4 broodmothers
  24 ironbound preservers
  11 stone giants
  2 vampire knights
  12 quicksilver oozes
  10 ironbound thunderhulks
  6 green draconians
  8 black draconians
  4 spark wasps
  8 eleionomae
  A deep elf demonologist (Vaults:5)
  A demonspawn black sun (Depths:4)
  8 white draconians
  3 dire elephants
  12 yellow draconians
  8 bunyips
  15 purple draconians
  9 red draconians
  A minotaur (Gauntlet)
  A lorocyproca (Depths:4)
  2 blizzard demons
  4 crystal guardians
  12 ettins
  9 fire dragons
  3 deep elf high priests (Vaults:5)
  7 entropy weavers
  37 vault guards
  11 great orbs of eyes
  2 ice dragons
  16 yaktaur captains
  A hydra (shapeshifter) (Vaults:2)
  4 rakshasas
  7 ghost crabs
  A hell beast (Gauntlet)
  3 spriggan air magi
  24 hydras
  4 jorogumos
  8 ironbound frosthearts
  2 catoblepae
  11 centaur warriors
  19 two-headed ogres
  A jorogumo (shapeshifter) (Vaults:5)
  5 ogre magi
  4 peacekeepers
  An anaconda (shapeshifter) (D:13)
  9 boulder beetles
  6 death yaks
  Erica (Orc:1)
  2 death knights
  2 radroaches
  9 alligators
  4 tengu warriors
  9 deep troll shamans
  4 vampire magi
  3 spriggan berserkers
  A thrashing horror (Abyss:3)
  6 death scarabs (Spider:4)
  4 hell hogs (Abyss:3)
  7 deep troll earth magi
  Urug (Lair:1)
  2 orc high priests
  8 hell knights
  Sonja (D:11)
  6 sun demons
  A storm dragon zombie (Zot:3)
  6 soul eaters
  Nergalle (D:10)
  Amaemon (Lair:1)
  10 pharaoh ants
  2 wretched stars
  A sixfirhy (Abyss:3)
  10 skeletal warriors
  2 sun moths
  A fire crab (shapeshifter) (Vaults:3)
  3 death drakes
  A golden dragon zombie (D:15)
  8 iron trolls
  A skyshark (Lair:5)
  74 deep trolls
  A spark wasp zombie (Depths:2)
  3 spriggan druids
  7 goliath frogs
  6 glowing orange brains
  4 flayed ghosts
  5 swamp dragons
  4 bog bodies
  A shadow demon (Depths:4)
  A spectral jorogumo (Spider:4)
  An obsidian statue (IceCv)
  3 spectral wolf spiders (Spider:4)
  18 orb spiders
  15 ironbound convokers
  6 steelbarb worms
  9 orc knights
  3 lindwurms (Vaults:1)
  3 spriggan simulacra (IceCv)
  4 phantasmal warriors
  5 wizards
  A broodmother zombie (Spider:4)
  An orange crystal statue (IceCv)
  A tengu zombie (D:15)
  43 ugly things
  A deep elf pyromancer (D:14)
  8 necromancers
  17 wolf spiders
  A sphinx skeleton (Depths:2)
  A faun (shapeshifter) (D:13)
  8 cyclopes
  5 orc sorcerers
  A cyclops (shapeshifter) (Depths:1)
  8 shining eyes
  A shining eye (shapeshifter) (Vaults:5)
  4 will-o-the-wisps
  23 moths of wrath
  A worldbinder (Abyss:1)
  14 elephants
  Maurice (D:12)
  4 manticores
  3 rust devils
  2 eyes of devastation
  101 slime creatures
  5 smoke demons
  2 molten gargoyles (Gauntlet)
  23 vault sentinels
  2 gargoyles (Gauntlet)
  A storm dragon simulacrum (Zot:1)
  11 demonic crawlers
  4 orange demons
  2 black mambas
  4 torpor snails
  16 cane toads
  4 spectral redbacks (Spider:4)
  8 rime drakes
  A kobold demonologist (D:12)
  2 unseen horrors
  2 hellions
  10 freezing wraiths
  2 golden dragon simulacra
  2 redback zombies (Spider:4)
  6 ice devils
  4 tengu conjurers
  An efreet (D:15)
  29 yaktaurs
  A tormentor (Depths:4)
  5 komodo dragons
  7 guardian mummies
  9 tyrant leeches
  2 ancient zymes
  5 hellwings
  28 tarantellas
  A bloated husk (Swamp:4)
  2 polar bears
  A merfolk (shapeshifter) (Vaults:5)
  Prince Ribbit (D:5)
  7 hornets
  8 trolls
  A spectral culicivora (Spider:4)
  3 spectral jumping spiders (Spider:4)
  7 dream sheep (Lair:1)
  2 jumping spider zombies (Spider:4)
  7 raiju (Abyss:3)
  A culicivora zombie (Spider:4)
  A tarantella zombie (Spider:4)
  20 blink frogs
  A spectral tarantella (Spider:4)
  An ettin zombie (D:15)
  Sigmund (D:3)
  A centaur simulacrum (D:12)
  27 jumping spiders
  2 ettin skeletons
  A wraith (D:13)
  2 large abominations
  A vampire (D:11)
  11 spriggans
  A spriggan (shapeshifter) (Vaults:5)
  8 shadows
  37 yaks
  2 ynoxinuls (Abyss:3)
  32 culicivoras
  10 wyverns
  12 basilisks
  A hog (shapeshifter) (Depths:1)
  A steam dragon (D:10)
  88 redbacks
  2 dire elephant simulacra (IceCv)
  A chaos spawn (Depths:4)
  A red draconian simulacrum (Zot:1)
  19 golden eyes
  A human simulacrum (Vaults:2)
  6 wargs
  A yaktaur simulacrum (Vaults:2)
  A minotaur simulacrum (IceCv)
  A purple draconian simulacrum (Zot:1)
  5 vampire mosquitoes (Lair:5)
  18 swamp worms
  2 acid dragons
  14 water moccasins
  A floating eye (Slime:1)
  A floating eye (shapeshifter) (Vaults:5)
  A moth of wrath simulacrum (Zot:1)
  37 orc warriors
  A sky beast (D:7)
  10 swamp drakes
  An ice beast (D:7)
  A black bear (D:4)
  An ettin simulacrum (IceCv)
  An alligator simulacrum (IceCv)
  10 ogres
  5 boggarts (Vaults:1)
  16 wolves
  10 centaurs
  9 starcursed masses (Abyss:3)
  4 kobold brigands
  17 bullfrogs
  3 necrophages
  9 scorpions
  3 gnoll sergeants
  4 deep troll simulacra (IceCv)
  An earth elemental (Abyss:3)
  8 wights
  2 small abominations
  9 killer bees
  A lindwurm simulacrum (IceCv)
  5 electric eels
  3 howler monkeys
  A quasit (Abyss:1)
  2 hounds
  25 orc priests
  2 gnoll boudas
  An iron imp (Abyss:1)
  4 jellies
  Terence (D:2)
  4 iguanas
  27 orc wizards
  12 hell rats
  18 gnolls
  8 adders
  3 white imps
  3 ufetubi
  2 dart slugs (D:1)
  104 orcs
  2 bats (D:1)
  17 endoplasms
  2 giant cockroaches
  9 hobgoblins
  3 jackals (D:1)
  5 quokkas
  3 training dummies (D:14)
  7 ball pythons
  5 frilled lizards
  8 goblins
  17 kobolds
  3 rats (D:1)
  A ballistomycete spore (Zot:2)
  5 butterflies (Zot:1)
  A lurking horror (Abyss:3)
2303 creatures vanquished.

Vanquished Creatures (collateral kills)
  A juggernaut (Depths:2)
  A Killer Klown (Zot:5)
  2 tentacled monstrosities
  A lich (Depths:3)
  A quicksilver dragon (Depths:3)
  2 sphinxes
  A shadow dragon (Vaults:5)
  A storm dragon (Zot:5)
  A tengu reaver (Vaults:5)
  An iron dragon (Depths:4)
  2 war gargoyles
  A very ugly thing (Depths:3)
  A quicksilver ooze (Slime:5)
  An ettin (Depths:3)
  4 hydras (Swamp:4)
  2 great orbs of eyes
  2 vault guards (Vaults:5)
  A deep troll shaman (Depths:1)
  A boulder beetle (Lair:5)
  An iron troll (Depths:1)
  3 swamp dragons
  A moth of wrath (Spider:4)
  A cane toad (Lair:5)
  A tyrant leech (Lair:5)
  5 blink frogs
  A small abomination (Zot:2)
  A golden eye (Slime:5)
  A redback (Spider:1)
  A swamp worm (Swamp:3)
  A swamp drake (Swamp:4)
  2 bullfrogs (Lair:5)
  154 ballistomycete spores
200 creatures vanquished.

Vanquished Creatures (others)
  An eldritch tentacle (D:7)
  A fire giant (Depths:4)
  An iron dragon (Vaults:5)
  A draconian shifter (Zot:4)
  2 broodmothers
  A shambling mangrove (Swamp:3)
  A boulder beetle (Spider:2)
  An alligator (Swamp:2)
  A soul eater (Depths:2)
  2 swamp dragons
  A bloated husk (Swamp:4)
  A tyrant leech (Swamp:1)
  A hornet (Swamp:3)
  A spriggan (Swamp:3)
  A chaos spawn (Zot:2)
  A swamp worm (Swamp:1)
  A swamp drake (Swamp:4)
  18 ballistomycete spores
  2 bushes (Lair:5)
  5 demonic plants (Gauntlet)
  8 foxfires
  59 fungi
  109 plants
  2 starspawn tentacles (Abyss:3)
  10 toadstools (D:2)
  16 withered plants (D:15)
248 creatures vanquished.

Grand Total: 2751 creatures vanquished

Notes
Turn   | Place    | Note
-------+----------+-------------------------------------------
     0 | D:1      | browni3141 the Draconian Hunter began the quest for the
                  | Orb.
     0 | D:1      | Reached XP level 1. HP: 17/17 MP: 1/1
    32 | D:1      | Reached skill level 1 in Stealth
   123 | D:1      | Reached XP level 2. HP: 21/24 MP: 2/2
   397 | D:1      | Reached XP level 3. HP: 31/31 MP: 3/3
   816 | D:2      | Found a faded altar of an unknown god.
   847 | D:2      | Found Tytraret's Jewellery Shop.
   929 | D:2      | Reached XP level 4. HP: 32/40 MP: 4/4
   983 | D:2      | Noticed Terence
  1518 | D:2      | Learned a level 2 spell: Blink
  2020 | D:3      | Noticed a necrophage
  2042 | D:3      | Found an ancient bone altar of Kikubaaqudgha.
  2099 | D:3      | Found Luecryuv's Distillery.
  2598 | D:3      | Reached XP level 5. HP: 46/47 MP: 5/5
  2680 | D:3      | Noticed Sigmund
  3071 | D:3      | Reached skill level 1 in Spellcasting
  3630 | D:4      | Reached skill level 5 in Fighting
  3716 | D:4      | Found a staircase to the Ecumenical Temple.
  3724 | Temple   | Entered the Ecumenical Temple
  4209 | D:2      | Found Tytraret's Jewellery Shop.
  4294 | D:2      | Killed Terence
  4295 | D:2      | Reached skill level 1 in Translocations
  4295 | D:2      | Reached XP level 6. HP: 56/56 MP: 8/8
  4717 | D:2      | Found a faded altar of an unknown god.
  5298 | D:3      | Found Luecryuv's Distillery.
  5371 | D:3      | Found an ancient bone altar of Kikubaaqudgha.
  5424 | D:3      | Killed Sigmund
  6207 | D:4      | Reached skill level 5 in Ranged Weapons
  6207 | D:4      | Your scales start taking on a golden yellow colour.
  6207 | D:4      | Reached XP level 7. HP: 62/62 MP: 10/10
  6207 | D:4      | Gained mutation: You are resistant to acid. (rCorr) [Yellow
                  | Draconian growth]
  6262 | Temple   | Became a worshipper of Fedhas Madash
  6389 | D:4      | Reached skill level 1 in Invocations
  6586 | D:5      | Entered Level 5 of the Dungeon
  6648 | D:5      | Reached skill level 1 in Evocations
  6668 | D:5      | Identified the ring "Hyplidao" {rF+ rC++ Will+}
  6719 | D:5      | Found Piers Shonks's Dragon-Slaying Spoils.
  7151 | D:5      | Found a large runed translucent door.
  7151 | D:5      | Found a large runed translucent door.
  7170 | D:5      | Reached XP level 8. HP: 71/71 MP: 11/11
  7372 | D:5      | Found a large runed translucent door.
  7372 | D:5      | Found a large runed translucent door.
  7521 | D:5      | Reached * piety under Fedhas
  7680 | D:5      | Noticed Prince Ribbit
  7705 | D:5      | Killed Prince Ribbit
  8062 | D:5      | Reached skill level 5 in Invocations
  8079 | D:5      | Identified the ring of the Messenger {rC+ MP+9}
  8451 | D:6      | Reached XP level 9. HP: 82/82 MP: 12/12
  9707 | D:7      | Noticed a two-headed ogre
  9938 | D:7      | Reached ** piety under Fedhas
  9967 | D:7      | Reached skill level 10 in Fighting
 10104 | D:7      | Killed a two-headed ogre
 10331 | D:7      | Reached XP level 10. HP: 86/96 MP: 13/13
 11293 | D:8      | Found Raazopp's Magic Scroll Boutique.
 11301 | D:8      | Found Ycvusoufi's Magic Scroll Emporium.
 11712 | D:8      | Found a staircase to the Lair.
 12227 | D:2      | Bought the amulet of Cizogaco {Regen+ Dex+3} for 519 gold
                  | pieces
 12595 | D:8      | Found Teluaq's Weapon Boutique.
 12842 | D:8      | Bought a scroll of identify for 28 gold pieces
 13128 | D:9      | Found a broken altar of Ashenzari.
 13129 | D:9      | Found a glowing golden altar of the Shining One.
 13238 | D:9      | Noticed a two-headed ogre
 13283 | D:9      | Noticed a cyclops
 13296 | D:9      | Killed a two-headed ogre
 13415 | D:9      | Killed a cyclops
 13663 | D:9      | Reached *** piety under Fedhas
 13931 | D:10     | Entered Level 10 of the Dungeon
 14121 | D:10     | Identified the +4 spear of True Grit {drain, rC+ Int+4
                  | Dex-2}
 14267 | D:10     | Reached XP level 11. HP: 75/105 MP: 16/16
 14574 | D:10     | Noticed Nergalle
 14591 | D:10     | Killed Nergalle
 14874 | Lair:1   | Entered Level 1 of the Lair of Beasts
 14877 | Lair:1   | Noticed Urug
 14975 | Lair:1   | Noticed a boulder beetle
 14996 | Lair:1   | Killed a boulder beetle
 15128 | Lair:1   | Killed Urug
 15193 | Lair:1   | Noticed Amaemon
 15367 | Lair:1   | Killed Amaemon
 15476 | D:8      | Bought a +2 heavy hand crossbow for 201 gold pieces
 15549 | Lair:1   | Reached skill level 1 in Shields
 15570 | Lair:1   | Reached skill level 2 in Shields
 15649 | Lair:1   | Reached skill level 3 in Shields
 15665 | Lair:1   | Reached skill level 4 in Shields
 15951 | Lair:1   | Reached skill level 5 in Shields
 16236 | Lair:2   | Reached skill level 6 in Shields
 16339 | Lair:2   | Reached skill level 7 in Shields
 16463 | Lair:2   | HP: 4/107 [poisoned by a redback]
 16466 | Lair:2   | HP: 1/107 [poisoned by a redback]
 16581 | Lair:2   | Found a hole to the Spider Nest.
 17022 | Lair:2   | Noticed an oklob plant
 17308 | Lair:3   | Noticed a bog body
 17319 | Lair:3   | Reached skill level 8 in Shields
 17319 | Lair:3   | Reached XP level 12. HP: 115/115 MP: 18/18
 17484 | Lair:3   | Reached **** piety under Fedhas
 17824 | Lair:3   | Reached skill level 9 in Shields
 18457 | Lair:3   | Found a staircase to the Swamp.
 18563 | Lair:4   | Reached skill level 10 in Shields
 18678 | Lair:4   | Reached skill level 5 in Dodging
 18689 | Lair:4   | Noticed a four-headed hydra
 18697 | Lair:4   | Killed a four-headed hydra
 18908 | Lair:4   | Reached ***** piety under Fedhas
 19339 | Lair:4   | Reached skill level 10 in Ranged Weapons
 19619 | Lair:5   | Entered Level 5 of the Lair of Beasts
 19619 | Lair:5   | Noticed a six-headed hydra
 19622 | Lair:5   | Killed a six-headed hydra
 19623 | Lair:5   | Reached XP level 13. HP: 122/122 MP: 19/19
 19637 | Lair:5   | Found a staircase to the Slime Pits.
 19637 | Lair:5   | Found a viscous altar of Jiyva.
 19773 | Lair:5   | Reached skill level 11 in Shields
 19957 | Lair:5   | Reached skill level 10 in Invocations
 21074 | Lair:5   | Gained mutation: You have acidic saliva. [Yellow Draconian
                  | growth]
 21074 | Lair:5   | Reached XP level 14. HP: 129/129 MP: 21/21
 21275 | Lair:5   | Identified a scroll of acquirement
 21277 | Lair:5   | Acquired the +6 tower shield of the Storm King {Rampage
                  | Dex+5}
 21519 | D:8      | Bought a scroll of teleportation for 42 gold pieces
 21519 | D:8      | Bought a scroll of fear for 56 gold pieces
 21519 | D:8      | Bought a scroll of identify for 28 gold pieces
 21519 | D:8      | Bought a scroll of magic mapping for 105 gold pieces
 21519 | D:8      | Bought a scroll of immolation for 56 gold pieces
 21519 | D:8      | Bought a scroll of immolation for 56 gold pieces
 21519 | D:8      | Bought a scroll of vulnerability for 56 gold pieces
 21558 | D:11     | Found a transporter.
 21558 | D:11     | Found a transporter.
 21573 | D:11     | Found the +4 skin of Zhor {*Englaciate rC+++ SInv}
 21667 | D:11     | Found Toat's Mass Market.
 21678 | D:11     | Noticed Sonja
 21684 | D:11     | Killed Sonja
 21729 | D:11     | Reached skill level 12 in Shields
 22041 | D:11     | Noticed Palms's ghost (journeyman VSFi)
 22050 | D:11     | Found a bloodstained altar of Trog.
 22672 | D:12     | Reached ****** piety under Fedhas
 23017 | D:12     | Noticed Maurice
 23031 | D:12     | Killed Maurice
 23050 | D:12     | Found a staircase to the Orcish Mines.
 23177 | D:12     | Found a portal to a secret trove of treasure.
 23519 | Orc:1    | Entered Level 1 of the Orcish Mines
 23591 | Orc:1    | Noticed Erica
 23598 | Orc:1    | Killed Erica
 23987 | Orc:2    | Entered Level 2 of the Orcish Mines
 24266 | Orc:2    | Reached skill level 5 in Evocations
 24384 | Orc:2    | Found Nylunyaf's General Store.
 24498 | Orc:2    | Reached skill level 5 in Translocations
 24518 | Orc:2    | Found a staircase to the Elven Halls.
 24673 | Orc:2    | Found Wanexax's Distillery.
 24724 | Orc:2    | Found a radiant altar of Vehumet.
 24825 | Orc:2    | Found Cenya's Distillery.
 24955 | Orc:2    | Noticed Saint Roka
 25101 | Orc:2    | Found Urousk's Antique Weapon Emporium.
 25103 | Orc:2    | Found Kazibb's Antique Armour Shoppe.
 25419 | Orc:2    | Killed Saint Roka
 25527 | Orc:2    | Bought a potion of cancellation for 136 gold pieces
 25527 | Orc:2    | Bought a potion of heal wounds for 85 gold pieces
 25527 | Orc:2    | Bought a potion of resistance for 170 gold pieces
 25527 | Orc:2    | Bought a potion of mutation for 136 gold pieces
 25527 | Orc:2    | Bought a potion of might for 68 gold pieces
 25527 | Orc:2    | Bought a potion of heal wounds for 85 gold pieces
 25589 | Orc:2    | Bought a potion of heal wounds for 65 gold pieces
 25589 | Orc:2    | Bought a potion of cancellation for 104 gold pieces
 25589 | Orc:2    | Bought a potion of haste for 130 gold pieces
 25589 | Orc:2    | Bought a potion of heal wounds for 65 gold pieces
 25702 | D:13     | Found a gate leading to a gauntlet.
 25737 | Gauntlet | Entered a Gauntlet
 25737 | Gauntlet | Found a large runed translucent door.
 25737 | Gauntlet | Found a large runed translucent door.
 25737 | Gauntlet | Found a large runed translucent door.
 25737 | Gauntlet | Found a large runed translucent door.
 25737 | Gauntlet | Found a large runed translucent door.
 25737 | Gauntlet | Found a large runed translucent door.
 25737 | Gauntlet | Found a runed translucent door.
 25737 | Gauntlet | Found a transporter.
 25737 | Gauntlet | Found a runed translucent door.
 25737 | Gauntlet | Found a large runed translucent door.
 25737 | Gauntlet | Found a large runed translucent door.
 25737 | Gauntlet | Found a large runed translucent door.
 25737 | Gauntlet | Found a large runed translucent door.
 25737 | Gauntlet | Found a large runed translucent door.
 25737 | Gauntlet | Found a large runed translucent door.
 25740 | Gauntlet | Found a transporter.
 25760 | Gauntlet | Found a transporter.
 25760 | Gauntlet | Found a transporter.
 25777 | Gauntlet | Found a transporter.
 25790 | Gauntlet | Found a transporter.
 25803 | Gauntlet | Found a transporter.
 25820 | Gauntlet | Found a transporter.
 25824 | Gauntlet | Found a transporter.
 25835 | Gauntlet | Found a transporter.
 25847 | Gauntlet | Found a large runed translucent door.
 25848 | Gauntlet | Found a large runed translucent door.
 25853 | Gauntlet | Found a runed translucent gate.
 25853 | Gauntlet | Found a runed translucent gate.
 25853 | Gauntlet | Found a runed translucent gate.
 25855 | Gauntlet | Found a transporter.
 25859 | Gauntlet | Found a transporter.
 25894 | Gauntlet | Found a large runed translucent door.
 25894 | Gauntlet | Found a large runed translucent door.
 25957 | Gauntlet | Identified the +2 war axe of Vyx Uwn {freeze, Str+3}
 25974 | Gauntlet | Identified the +0 tower shield "Wyalahal" {+Blink Fly}
 25974 | Gauntlet | Identified the +3 buckler of Compression {MP+9 Str+3
                  | Stlth+}
 25978 | Gauntlet | Got the Vellum of Turbulent Malisons
 25986 | Gauntlet | Identified the +2 steam dragon scales "Annosokk" {Int+6}
 26069 | Gauntlet | Identified the +12 sling of Sunlight {flame, Int+7}
 26264 | Gauntlet | Reached XP level 15. HP: 112/135 MP: 23/23
 26286 | Gauntlet | Identified the ring "Seyn" {AC+4 Str-4 Int+6}
 26316 | Gauntlet | Got Sif Muna's Folio of Blasphemous Magicks and Topology
 26317 | Gauntlet | Identified the +0 helmet of the Arcane {rPois rN+ Int-5
                  | Slay+2}
 26446 | Gauntlet | Identified the +1 helmet of Wymismeipp {Regen+}
 27114 | D:13     | Reached skill level 13 in Shields
 27232 | D:13     | Found a gate to the Vaults.
 27560 | D:14     | Identified the +1 hand axe of Rescuing Execution {freeze,
                  | rElec rC++ Str-4 SInv}
 27585 | D:14     | Found Ufudwueqe's Firing Range.
 27887 | D:15     | Entered Level 15 of the Dungeon
 27967 | D:15     | Reached skill level 15 in Ranged Weapons
 28116 | D:15     | Reached skill level 14 in Shields
 28116 | D:15     | Reached XP level 16. HP: 143/143 MP: 25/25
 28384 | D:15     | Found an iron altar of Okawaru.
 28540 | D:15     | Found a staircase to the Depths.
 28591 | D:15     | Found Ichi's Assorted Antiques.
 28918 | Spider:1 | Entered Level 1 of the Spider Nest
 30111 | Spider:2 | Reached skill level 15 in Shields
 30600 | Spider:2 | Reached XP level 17. HP: 149/149 MP: 26/26
 32061 | Spider:4 | Entered Level 4 of the Spider Nest
 32465 | Spider:4 | Noticed Arachne
 32475 | Spider:4 | Killed Arachne
 33455 | Spider:4 | Got a gossamer rune of Zot
 33821 | Swamp:1  | Entered Level 1 of the Swamp
 33841 | Swamp:1  | Reached skill level 16 in Shields
 33850 | Swamp:1  | Reached XP level 18. HP: 137/159 MP: 28/28
 34025 | Swamp:1  | Found a frozen archway.
 34064 | IceCv    | Entered an ice cave
 34233 | IceCv    | Reached skill level 10 in Dodging
 34242 | IceCv    | Noticed an Ice Fiend
 34253 | IceCv    | Killed an Ice Fiend
 34254 | IceCv    | Reached skill level 5 in Stealth
 35170 | Swamp:2  | You are sucked into a shaft and drop 1 floor!
 35177 | Swamp:3  | Noticed a tentacled monstrosity
 35186 | Swamp:3  | Killed a tentacled monstrosity
 35502 | Swamp:3  | Noticed Roxanne
 35516 | Swamp:3  | Killed Roxanne
 35702 | Swamp:3  | Found a transporter.
 35709 | Swamp:3  | Noticed a tentacled monstrosity
 35710 | Swamp:3  | Found a transporter.
 35710 | Swamp:3  | Noticed Naistiu's ghost (adept DESu)
 36149 | Swamp:3  | Killed a tentacled monstrosity
 36153 | Swamp:3  | Killed Naistiu's ghost
 36252 | Swamp:4  | Entered Level 4 of the Swamp
 36484 | Swamp:4  | Noticed Donald
 36486 | Swamp:4  | Reached XP level 19. HP: 126/168 MP: 18/30
 36495 | Swamp:4  | Killed Donald
 36508 | Swamp:4  | Got a decaying rune of Zot
 36605 | Swamp:4  | Reached skill level 17 in Shields
 37026 | Slime:1  | Entered Level 1 of the Pits of Slime
 37095 | Lair:5   | Reached skill level 15 in Invocations
 37526 | Slime:2  | Paralysed by a floating eye for 3 turns
 37531 | Slime:1  | Paralysed by a floating eye for 3 turns
 37867 | Slime:3  | Gained mutation: You are clumsy. (Dex -2) [a shining eye]
 37874 | Slime:3  | Gained mutation: Your magical capacity is low. (-10% MP) [a
                  | shining eye]
 37884 | Slime:3  | Gained mutation: You occasionally shout uncontrollably at
                  | your foes. [a shining eye]
 38829 | Slime:5  | Entered Level 5 of the Pits of Slime
 38938 | Slime:5  | Paralysed by a great orb of eyes for 2 turns
 38944 | Slime:5  | Noticed the Royal Jelly
 39179 | Slime:5  | Reached skill level 15 in Fighting
 39342 | Slime:5  | Killed the Royal Jelly
 39343 | Slime:5  | Reached XP level 20. HP: 116/178 MP: 20/28
 39639 | Slime:5  | Identified the +5 trident "Idyazxoke" {heavy, rPois Int+3
                  | Dex-2 SInv}
 39678 | Slime:5  | Identified the +3 war axe of the Salmon {freeze, rElec
                  | Will+}
 39680 | Slime:5  | Got the Meditations on Diablerie
 39683 | Slime:5  | Identified the +11 war axe of Ocueget {flame, rPois rF- rC+
                  | SInv}
 39685 | Slime:5  | Got a slimy rune of Zot
 39711 | Slime:5  | Identified the +5 shortbow "Sufex" {drain, rC+ rCorr
                  | Stlth+}
 40419 | Slime:5  | Acquired 1008 gold pieces
 40745 | Orc:2    | Bought a scroll of enchant armour for 97 gold pieces
 40745 | Orc:2    | Bought a book of Party Tricks for 208 gold pieces
 40747 | Orc:2    | Learned a level 1 spell: Apportation
 40754 | Orc:2    | Learned a level 6 spell: Dispersal
 40862 | D:12     | You paid a toll of +2 ice dragon scales to enter a treasure
                  | trove
 40863 | Trove    | Entered a treasure trove
 40969 | D:12     | Reached XP level 21. HP: 184/184 MP: 29/29
 41089 | Depths:1 | Entered Level 1 of the Depths
 41115 | Depths:1 | Reached skill level 18 in Shields
 41264 | Vaults:1 | Entered Level 1 of the Vaults
 41316 | Vaults:1 | Identified the +4 scimitar "Cithruapu" {venom, rC+}
 42443 | Vaults:1 | Identified the +12 scimitar of Ignis's Reproof {elec,
                  | Fragile rElec rC+ Dex+2}
 42669 | Vaults:2 | Reached skill level 10 in Evocations
 43067 | Vaults:2 | Noticed Zenata
 43537 | Vaults:2 | Noticed Mennas
 43715 | Vaults:2 | Found Okkell's Distillery.
 43722 | Vaults:2 | Bought a potion of curing for 54 gold pieces
 43722 | Vaults:2 | Bought a potion of cancellation for 144 gold pieces
 43722 | Vaults:2 | Bought 2 potions of heal wounds for 180 gold pieces
 43722 | Vaults:2 | Bought a potion of curing for 54 gold pieces
 43876 | Vaults:2 | Found Ciosh's Weapon Shoppe.
 43894 | Vaults:2 | Killed Mennas
 43984 | Vaults:2 | Killed Zenata
 44058 | Vaults:2 | Identified the +1 helmet of the Stone Wall {Harm Int+2
                  | Dex-2}
 44248 | Vaults:3 | Reached XP level 22. HP: 91/194 MP: 31/31
 44587 | Vaults:3 | Found a staircase to the Crypt.
 45174 | Vaults:3 | Reached skill level 19 in Shields
 45545 | Vaults:3 | Identified the +10 hand axe "Wej Gual" {heavy, Fragile rN++
                  | rCorr}
 45808 | Vaults:4 | Got the Disquisition on the Fateful Gathering
 45855 | Vaults:4 | Identified the +9 great mace of the Wolf {drain, Stlth+}
 46392 | Vaults:4 | Reached skill level 10 in Translocations
 46454 | Vaults:4 | Noticed Boris
 46477 | Vaults:4 | Killed Boris
 46583 | Vaults:4 | Noticed Aizul
 46590 | Vaults:4 | Killed Aizul
 46629 | Vaults:4 | Found a transporter.
 46667 | Vaults:4 | Found a transporter.
 46824 | Vaults:4 | Found Ixzy's Weapon Shop.
 47226 | Vaults:4 | Identified the ring of Honesty {AC+4 Str+6}
 47237 | Vaults:4 | Identified the amulet of Cimm {Faith Rampage Dex+4}
 47257 | Vaults:5 | Entered Level 5 of the Vaults
 47262 | Vaults:5 | Noticed Sojobo
 47277 | Vaults:5 | Noticed a golden dragon
 47283 | Vaults:5 | Killed a golden dragon
 47324 | Vaults:5 | Noticed a golden dragon
 47328 | Vaults:5 | Killed a golden dragon
 47551 | Vaults:5 | Reached skill level 10 in Stealth
 47557 | Vaults:5 | Noticed a golden dragon
 47576 | Vaults:5 | Killed a golden dragon
 47579 | Vaults:5 | Reached XP level 23. HP: 183/203 MP: 15/32
 47604 | Vaults:5 | Killed Sojobo
 47847 | Vaults:5 | Identified the +0 executioner's axe of Fate {freeze, rF+}
 47882 | Vaults:5 | Got a silver rune of Zot
 47900 | Vaults:5 | Reached skill level 15 in Dodging
 48002 | Vaults:5 | Reached skill level 20 in Shields
 48388 | Vaults:5 | Noticed an ancient lich
 48399 | Vaults:5 | Killed an ancient lich
 49553 | Depths:1 | Noticed Margery
 49586 | Depths:1 | Killed Margery
 49713 | Depths:1 | Found a gateway to Hell.
 49791 | Depths:1 | Found Koal's Antique Armour Shop.
 49798 | Depths:1 | Found an opulent altar of Gozag.
 49894 | Depths:1 | Found a shadowy altar of Dithmenos.
 50163 | Depths:1 | Found Gozag's Platinum Reserve.
 50434 | Depths:1 | Bought the ring "Qyawaot" {Dex+6 SInv} for 4720 gold pieces
 50689 | Depths:2 | Found a one-way gateway to a ziggurat.
 50721 | Depths:2 | Learned a level 2 spell: Lesser Beckoning
 50725 | Depths:2 | Learned a level 3 spell: Vhi's Electric Charge
 50783 | Depths:2 | Reached XP level 24. HP: 214/214 MP: 33/33
 50889 | Depths:2 | Reached skill level 1 in Air Magic
 50949 | Depths:2 | Noticed a juggernaut
 50974 | Depths:2 | Killed a juggernaut
 51047 | Depths:2 | Noticed a juggernaut
 51071 | Depths:2 | Killed a juggernaut
 51184 | Depths:2 | Identified the +1 great sword "Edoafan" {freeze, Fragile
                  | rElec rC+ Str+5}
 51239 | Depths:2 | Noticed a dread lich
 51389 | Depths:2 | Got the Octavo of Victory
 51550 | Depths:2 | Found a one-way gate leading to the halls of Pandemonium.
 51686 | Depths:2 | Killed a dread lich
 52077 | Depths:3 | Noticed Boris
 52225 | Depths:3 | Killed Boris
 52620 | Depths:3 | Identified the ring of Afutt {Wiz rPois}
 52708 | Depths:3 | Found a one-way gate to the infinite horrors of the Abyss.
 52740 | Depths:3 | Found Favump Gouw's General Store.
 52743 | Depths:3 | Found Xatren's Armour Boutique.
 52743 | Depths:3 | Found Eshynumi's Magic Scroll Shop.
 52748 | Depths:3 | Bought a potion of lignification for 30 gold pieces
 52748 | Depths:3 | Bought a potion of curing for 30 gold pieces
 52748 | Depths:3 | Found Betaet's Antique Armour Shop.
 52750 | Depths:3 | Bought a scroll of poison for 40 gold pieces
 52759 | Depths:3 | Bought a scroll of vulnerability for 96 gold pieces
 52759 | Depths:3 | Bought a scroll of blinking for 180 gold pieces
 52759 | Depths:3 | Bought a scroll of magic mapping for 180 gold pieces
 53079 | Depths:4 | Entered Level 4 of the Depths
 53132 | Depths:4 | Reached skill level 21 in Shields
 53147 | Depths:4 | Reached skill level 5 in Spellcasting
 53549 | Depths:4 | Found an ancient bone altar of Kikubaaqudgha.
 53894 | Depths:4 | Learned a level 5 spell: Silence
 53939 | Depths:4 | Reached XP level 25. HP: 213/222 MP: 33/33
 53999 | Depths:4 | Acquired the amulet "Palelut" {Reflect Will+ Regen+ Str+4
                  | Dex-4 SH+5}
 54018 | Depths:4 | Found a gate to the Realm of Zot.
 54381 | Zot:1    | Entered Level 1 of the Realm of Zot
 54651 | Zot:1    | Noticed a Killer Klown
 54653 | Zot:1    | Noticed a Killer Klown
 54660 | Zot:1    | Killed a Killer Klown
 54689 | Zot:1    | Killed a Killer Klown
 55265 | Zot:1    | Found a runed translucent door.
 55266 | Zot:1    | Noticed demibob's ghost (veteran MiFi)
 55306 | Zot:1    | Noticed a Killer Klown
 55325 | Zot:1    | Identified the ring "Motielow" {Ice rPois Int+6}
 55325 | Zot:1    | Noticed Josephina
 55328 | Zot:1    | Killed a Killer Klown
 55346 | Zot:1    | Killed Josephina
 55410 | Zot:1    | Found the +4 dragonskin cloak
 55410 | Zot:1    | Noticed Tiamat
 55450 | Zot:1    | Killed Tiamat
 55607 | Zot:1    | Identified the +6 dire flail of the Snake Pit {chaos, rC++
                  | rCorr Int+3 Stlth+}
 55612 | Zot:1    | Found a large runed translucent door.
 55612 | Zot:1    | Found a large runed translucent door.
 55612 | Zot:1    | Noticed a Killer Klown
 55623 | Zot:1    | Gained mutation: You are frail. (-10% HP) [mutagenic glow]
 55626 | Zot:1    | Identified the +4 hand crossbow "Zoidghuh" {chaos, Int+7
                  | Dex+3}
 55635 | Zot:1    | Noticed a Killer Klown
 55639 | Zot:1    | Gained mutation: Potions are less effective at restoring
                  | your health. [mutagenic glow]
 55649 | Zot:1    | a Killer Klown changed into a bunyip
 55655 | Zot:1    | Killed a Killer Klown
 55716 | Zot:1    | Identified the +0 longbow "Hedasurgh" {chaos, Int+4}
 55719 | Zot:1    | Found a large runed translucent door.
 55720 | Zot:1    | Found a shimmering altar of Xom.
 55721 | Zot:1    | Found a large runed translucent door.
 55721 | Zot:1    | Found a large runed translucent door.
 55721 | Zot:1    | Found a large runed translucent door.
 55722 | Zot:1    | Found a large runed translucent door.
 55722 | Zot:1    | Found a large runed translucent door.
 55723 | Zot:1    | Noticed a Killer Klown
 55728 | Zot:1    | Identified the +9 ring mail of Too Many Cooks {Str+2 Dex+2
                  | SInv Stlth+}
 55734 | Zot:1    | Noticed a Killer Klown
 55982 | Zot:1    | Killed a Killer Klown
 56082 | Zot:1    | Noticed a Killer Klown
 56108 | Zot:1    | Killed a Killer Klown
 56208 | Zot:1    | Killed a Killer Klown
 56987 | Zot:1    | Killed demibob's ghost
 57097 | Zot:2    | Noticed a Killer Klown
 57121 | Zot:2    | Killed a Killer Klown
 57131 | Zot:2    | HP: 4/195 [storm dragon (13)]
 58619 | Zot:3    | Noticed an ancient lich
 58632 | Zot:3    | Killed an ancient lich
 58633 | Zot:3    | Reached XP level 26. HP: 158/204 MP: 33/33
 58636 | Zot:3    | Noticed an ancient lich
 58644 | Zot:3    | Killed an ancient lich
 59064 | Zot:3    | Reached skill level 22 in Shields
 60237 | Zot:5    | Entered Level 5 of the Realm of Zot
 60562 | Zot:5    | Noticed an ancient lich
 60572 | Zot:5    | Killed an ancient lich
 60704 | Zot:5    | Noticed an ancient lich
 60717 | Zot:5    | Noticed an orb of fire
 60719 | Zot:5    | Killed an ancient lich
 60740 | Zot:5    | Gained mutation: You are very clumsy. (Dex -4) [an orb of
                  | fire]
 60747 | Zot:5    | Killed an orb of fire
 60816 | Zot:5    | Noticed a dread lich
 60832 | Zot:5    | Killed a dread lich
 60913 | Zot:5    | Noticed a dread lich
 60922 | Zot:5    | Killed a dread lich
 61496 | Zot:5    | Noticed an orb of fire
 61523 | Zot:5    | Killed an orb of fire
 61631 | Zot:5    | Lost mutation: Potions are less effective at restoring your
                  | health. [potion of mutation]
 61631 | Zot:5    | Lost mutation: You are frail. (-10% HP) [potion of
                  | mutation]
 61632 | Zot:5    | Lost mutation: You are very clumsy. (Dex -4) [potion of
                  | mutation]
 61632 | Zot:5    | Lost mutation: You occasionally shout uncontrollably at
                  | your foes. [potion of mutation]
 61632 | Zot:5    | Gained mutation: You are very clumsy. (Dex -4) [potion of
                  | mutation]
 61632 | Zot:5    | Gained mutation: Your muscles are strong. (Str +4, Int/Dex
                  | -1) [potion of mutation]
 61633 | Zot:5    | Lost mutation: Your magical capacity is low. (-10% MP)
                  | [potion of mutation]
 61633 | Zot:5    | Lost mutation: Your muscles are strong. (Str +4, Int/Dex
                  | -1) [potion of mutation]
 61633 | Zot:5    | Gained mutation: You have large cloven feet. [potion of
                  | mutation]
 61633 | Zot:5    | Gained mutation: You are vulnerable to cold. (rC-) [potion
                  | of mutation]
 61633 | Zot:5    | Gained mutation: Your spells are a little harder to cast,
                  | but a little more powerful. [potion of mutation]
 61634 | Zot:5    | Lost mutation: You have large cloven feet. [potion of
                  | mutation]
 61634 | Zot:5    | Lost mutation: You are vulnerable to cold. (rC-) [potion of
                  | mutation]
 61634 | Zot:5    | Gained mutation: You sometimes lose your temper in combat.
                  | [potion of mutation]
 61634 | Zot:5    | Gained mutation: You are dopey. (Int -2) [potion of
                  | mutation]
 61634 | Zot:5    | Gained mutation: You are weak. (Str -2) [potion of
                  | mutation]
 61635 | Zot:5    | Lost mutation: Your spells are a little harder to cast, but
                  | a little more powerful. [potion of mutation]
 61635 | Zot:5    | Lost mutation: You sometimes lose your temper in combat.
                  | [potion of mutation]
 61635 | Zot:5    | Gained mutation: You are robust. (+10% HP) [potion of
                  | mutation]
 61635 | Zot:5    | Gained mutation: Your tail ends in a venomous barb. [potion
                  | of mutation]
 61678 | Zot:5    | Noticed an ancient lich
 61683 | Zot:5    | Killed an ancient lich
 61684 | Zot:5    | Noticed an ancient lich
 61701 | Zot:5    | Killed an ancient lich
 61836 | Zot:5    | Noticed an ancient lich
 61853 | Zot:5    | Killed an ancient lich
 62561 | Depths:3 | Voluntarily entered the Abyss.
 62573 | Abyss:1  | Found a runed translucent door.
 62670 | Abyss:1  | Found a corrupted altar of Lugonu.
 62713 | Abyss:1  | Found a corrupted altar of Lugonu.
 62713 | Abyss:1  | Found a corrupted altar of Lugonu.
 62755 | Abyss:2  | Found a corrupted altar of Lugonu.
 62874 | Abyss:3  | Found a corrupted altar of Lugonu.
 63046 | Abyss:3  | Reached XP level 27. HP: 187/266 MP: 32/38
 63048 | Abyss:3  | Got an abyssal rune of Zot
 63203 | Depths:3 | Escaped the Abyss
 63483 | Zot:5    | Got the Orb of Zot
 63498 | Zot:5    | Noticed Fegepuer the pandemonium lord
 63508 | Zot:5    | Killed Fegepuer the pandemonium lord
 63514 | Zot:5    | Gained mutation: You sometimes lose your temper in combat.
                  | [a cacodemon]
 63628 | Zot:2    | Noticed Ukupsebb the pandemonium lord
 63651 | Zot:2    | Killed Ukupsebb the pandemonium lord
 63663 | Zot:2    | Noticed Boris
 63671 | Zot:2    | Killed Boris
 63770 | Depths:4 | Gained mutation: You have an uncontrollable temper. [a
                  | cacodemon]
 63772 | Depths:4 | Reached skill level 23 in Shields
 64300 | D:7      | Noticed Ixzam the pandemonium lord
 64310 | D:7      | Killed Ixzam the pandemonium lord
 64445 | D:3      | Noticed Luyn the pandemonium lord
 64537 | D:$      | Escaped with the Orb!

Illustrated notes

Levels and vault maps discovered:
D:1:      eino_arrival_cavern_c, layout_basic, minmay_tetromino_l4
D:2:      cheibrodos_fertilizer, layout_loops_corners,
          dreamdust_ecumenical_altar_hidden_monk_grotto, serial_shops,
          nicolae_shop_temple_entry_statues_fountains, uniq_terence
D:3:      layout_basic, mainiacjoe_overflow_surrounded_room, serial_shops,
          nicolae_shop_window_shopping, uniq_sigmund
D:4:      layout_basic, minmay_temple_entry_crystal_x
D:5:      layout_loops_ring, nicolae_shop_dragon_depot,
          minmay_hollow_rounded_squares, uniq_prince_ribbit1
D:6:      layout_gridville, serial_park_tiny_2, minivault_27
D:7:      layout_layer_cave
D:8:      layout_loops_cross, erik_lair_orcish_takeover, serial_shops, shop,
          nicolae_shop_advertising_works [nicolae_subvault_shop_adworks],
          shop_fountains, nicolae_kite_square_tiling_tiny,
          kennysheep_generic_room_6
D:9:      layout_basic, gammafunk_temple_overflow_pools
D:10:     layout_basic, uniq_nergalle
D:11:     layout_basic, gammafunk_ghost_wrathful_warriors, minmay_shop_mass,
          hellmonk_guarded_unrand_zhor, uniq_sonja
D:12:     layout_irregular_city, hiddenorc1_lemuel,
          nicolae_trove_entry_isolated, minmay_radiant, uniq_maurice
D:13:     minmay_chopped_fan, layout_basic, david_vaults_5,
          gauntlet_entry_generic
D:14:     layout_roguey [special_room_mythical_zoo], minivault_23,
          nicolae_shop_firing_range
D:15:     gammafunk_depths_entry_grave, layout_loops_cross, serial_shops, shop,
          hellmonk_okawaru_the_only_friend_you_need
Temple:   nicolae_temple_bog_church
Lair:1:   layout_roguey, infiniplex_staircase_pool, uniq_urug, uniq_amaemon
Lair:2:   layout_small_grid, spider_nest_entry_webs, minmay_lair_oklob_items
Lair:3:   layout_small_grid, nicolae_swamp_entry_splash_gauntlet
Lair:4:   layout_regular_city
Lair:5:   minmay_lair_end_frog_pond, layout_misc_corridors, slime_entry_1,
          st_stairs_5
Swamp:1:  layout_falls_marsh, portal_ice_cave_entry_pillars_2,
          evilmike_swamp_ruin_house_3
Swamp:2:  layout_basic_swamp, hellmonk_ghost_happy_afterlife,
          nicolae_swamp_round_clearing, swamp_pool4, grunt_witch_cave
Swamp:3:  layout_falls_marsh, gammafunk_ghost_arena, nicolae_swamp_fairy_circle,
          swamp_pool4, hangedman_swamp_diagram, nicolae_swamp_big_swirl,
          uniq_roxanne
Swamp:4:  swamp, layout_basic_swamp, swamp_pool2, roderic_carrion_pond,
          uniq_donald
Spider:1: layout_cave_pods
Spider:2: layout_spider_delve, nicolae_spider_circle_web
Spider:3: layout_spider_delve
Spider:4: floodkiller_spider_rune_tomb, hellmonk_test_site, uniq_arachne
Slime:1:  layout_caves
Slime:2:  layout_caves, special_room [special_room_jelly]
Slime:3:  layout_caves, cheibrodos_slime_lost_civilization_7
Slime:4:  layout_caves
Slime:5
Orc:1:    layout_caves, basic_altar, uniq_erica
Orc:2:    grunt_orc_community_town_hall, layout_caves,
          grunt_orc_community_big_house_1, grunt_orc_community_big_house_2,
          grunt_orc_community_house_3, grunt_orc_community_house_3,
          grunt_orc_community_house_2, grunt_orc_community_house_3,
          serial_shops, shop, basic_altar
Vaults:1: vaults_room_hallway, v_misc_16, v_misc_8, vaults_room_stairs_pillars,
          vaults_room_grunt_arrival_ludios, vaults_dpeg_emergency_exit,
          grunt_vaults_twisty, nicolae_vaults_little_squares_5,
          hangedman_vaults_pinch, ontoclasm_vaults_shuriken, serial_ice_h,
          vaults_room_door_ring, nicolae_vaults_border_crossing,
          layout_vaults_chaotic_city
Vaults:2: vaults_room_guarded_vault, nicolae_vaults_asterisk, v_pattern_1,
          nicolae_vaults_little_squares_3, nicolae_vaults_asterisk,
          v_alt_pattern_5, layout_vaults_quadrants, serial_shops,
          nicolae_shop_bloodbath_and_beyond, shop, uniq_zenata, uniq_mennas
Vaults:3: nicolae_vaults_quadrants, hangedman_vaults_stream,
          vaults_mumra_chevron, v_misc_23, vaults_dpeg_diagonal,
          minmay_crypt_entry_simple_walls, v_misc_16, vaults_room_pool,
          v_misc_9, vaults_room_door_ring, v_misc_22, hangedman_vaults_cutoff,
          nicolae_vaults_network_periphery, nicolae_vaults_little_squares_2,
          v_misc_1, vaults_mumra_minichess, ontoclasm_vaults_pinch,
          layout_vaults_omnibox
Vaults:4: v_misc_5, hangedman_vaults_nails, gammafunk_its_a_trap, serial_ice_b,
          ontoclasm_vaults_claustrophobia, v_misc_32, v_misc_17,
          nicolae_vaults_big_angled_halls, vaults_room_door_ring,
          vaults_dpeg_encased_lava, vaults_room_corners,
          layout_vaults_big_cross, serial_shops, nicolae_square_shop,
          uniq_boris, uniq_aizul
Vaults:5: serial_shops, uniq_sojobo
Depths:1: layout_cave_shapes, grunt_metal_band, nicolae_gozag_zags_fifth_avenue,
          serial_shops, shop, grunt_dithmenos_smoke, hangedman_decor_cross_pass,
          firewood_loft
Depths:2: minmay_concentric_multi, layout_long_grid, enter_ziggurat_b,
          hell_entry, special_room [special_room_morgue],
          rand_demon_pan_entry_9, abandoned_shop, kennysheep_generic_room_2,
          infiniplex_staircase_zigzag_4
Depths:3: minmay_expanding_squares, layout_basic, hangedman_geh_valley,
          abyss_entry, minmay_misc_feat_pillars, minmay_misc_feat_more_columns,
          grunt_ministairs_1, minmay_shoptagon, infiniplex_staircase_spiral,
          serial_bayou_shore_b, serial_bayou_shore_b
Depths:4: evilmike_zot_entry_round, layout_basic, pf_hell_entry_tar_spiral,
          kiku_gazebo_pond_becter, rand_demon_pan_entry_1, reono_crystal_passage
Zot:1:    grunt_zot_stairs_faceoff, layout_twisted_circle,
          ebering_ghost_reflecting_pool, hangedman_xom_zot_hilarity,
          uniq_tiamat, uniq_josephina
Zot:2:    kennysheep_room_grid, layout_basic, grunt_ministairs_13,
          lemuel_elevator
Zot:3:    hangedman_snap_crack_crunch, layout_cathedral_of_symmetry
Zot:4:    layout_misc_corridors
Zot:5:    layout_misc_corridors

Skill      XL: |  1  2  3  4  5  6  7  8  9 10 11 12 13 14 15 16 17 18 19 20 21 22 23 24 25 26 27 |
---------------+----------------------------------------------------------------------------------+-----
Stealth        | 2 4 6 7 8 10 11 12 13 | 13.6
Fighting       | 3 4 5 6 8 11 12 13 14 15 16 17 18 19 | 19.1
Ranged Weapons | 4 5 6 7 8 10 12 13 15 18 19 20 21 | 21.0
Spellcasting   | 1 2 5 |  5.0
Translocations | 1 2 3 4 5 6 8 10 11 12 | 12.0
Invocations    | 2 5 7 8 9 10 11 12 13 14 16 17 18 19 20 21 22 | 22.8
Evocations     | 2 3 6 7 8 9 10 11 12 13 | 13.0
Dodging        | 3 4 5 7 8 9 11 12 13 14 15 16 17 18 | 18.7
Shields        | 8 10 11 12 14 15 16 17 18 19 20 21 22 23 | 23.1
Air Magic      | 4 |  4.0

Action                     |  1- 3 |  4- 6 |  7- 9 | 10-12 | 13-15 | 16-18 | 19-21 | 22-24 | 25-27 || total
---------------------------+-------+-------+-------+-------+-------+-------+-------+-------+-------++-------
  Melee: Dagger            |     2 |    14 |   100 |   234 |    43 |       |       |       |       ||   393
         Tailslap          |       |     3 |    20 |    38 |    10 |       |     1 |       |       ||    72
         Punch             |       |     1 |       |     2 |       |       |       |       |       ||     3
         Bite              |       |       |       |       |     8 |       |     2 |       |       ||    10
         Hand crossbow     |       |       |       |       |       |     4 |     5 |       |       ||     9
         Unarmed           |       |       |       |       |       |       |       |       |     9 ||     9
   Fire: Shortbow          |   106 |   139 |   189 |   420 |       |       |       |       |       ||   854
         Hand crossbow     |       |       |       |   180 |  1100 |  1300 |   928 |  1586 |  1963 ||  7057
  Throw: Dart              |       |       |       |       |     2 |       |       |       |       ||     2
   Cast: Blink             |       |       |     9 |    29 |    35 |    20 |    35 |    20 |    31 ||   179
         Dispersal         |       |       |       |       |       |       |       |       |     2 ||     2
         Apportation       |       |       |       |       |       |       |       |       |     2 ||     2
 Invoke: Wall of Briars    |       |       |       |     5 |     4 |     3 |     8 |     7 |     7 ||    34
         Grow Ballistomyce |       |       |       |     1 |       |     8 |     5 |     4 |     3 ||    21
         Overgrow          |       |       |       |       |     2 |     3 |     1 |     3 |     2 ||    11
         Grow Oklob        |       |       |       |       |       |     3 |     1 |     3 |       ||     7
Ability: Breathe Acid      |       |       |    16 |    49 |    36 |     7 |     4 |     8 |     5 ||   125
  Evoke: Wand              |       |       |     4 |    24 |     5 |     2 |       |     7 |     4 ||    46
         Piece from Xom's  |       |       |       |     8 |       |       |     3 |     1 |       ||    12
         Phial of floods   |       |       |       |       |     2 |       |     1 |     4 |       ||     7
         Condenser vane    |       |       |       |       |       |     4 |     7 |    10 |     9 ||    30
         Tin of tremorston |       |       |       |       |       |     2 |     8 |     8 |       ||    18
         Box of beasts     |       |       |       |       |       |       |       |     4 |     2 ||     6
         Phantom mirror    |       |       |       |       |       |       |       |     1 |       ||     1
    Use: Scroll            |     3 |     1 |     2 |    12 |    18 |     4 |     7 |     7 |     6 ||    60
         Potion            |     2 |       |       |     1 |     4 |     6 |     6 |    17 |    18 ||    54
   Stab: Sleeping          |       |       |     5 |     1 |       |       |       |       |       ||     6
         Invisible         |       |       |       |     2 |       |       |       |       |       ||     2
 Armour: Skin              |    18 |    18 |    61 |   151 |   123 |   163 |    96 |    99 |   172 ||   901
  Dodge: Dodged            |    28 |    38 |   115 |   340 |   328 |   414 |   283 |   559 |   465 ||  2570
  Block: Kite shield       |       |       |       |   138 |   149 |       |       |       |       ||   287
         Tower shield      |       |       |       |       |   752 |  1103 |   839 |  1206 |  1391 ||  5291
         Reflection        |       |       |       |       |       |       |       |       |    25 ||    25
         Other             |       |       |       |       |       |       |       |       |     1 ||     1

Table legend: (Time is in decaauts)
 A = Elapsed time spent in this place.
 B = Non-inter-level travel time spent in this place.
 C = Inter-level travel time spent in this place.
 D = Time resting spent in this place.
 E = Time spent auto-exploring this place.
 F = Levels seen in this place.
 G = Mean time per level.
                   A        B        C        D        E       F      G
               +--------+--------+--------+--------+--------+-----+--------+
         Total |  66284 |  60478 |   5806 |   7371 |  36524 |  56 | 1183.6 |
       Dungeon |  20613 |  18070 |   2543 |   1607 |  12795 |  15 | 1374.2 |
        Temple |    238 |    205 |     33 |      0 |    162 |   1 |  238.0 |
          Lair |   7291 |   6608 |    683 |    916 |   3707 |   5 | 1458.2 |
         Swamp |   2900 |   2691 |    209 |    195 |   1611 |   4 |  725.0 |
   Spider Nest |   4945 |   4648 |    297 |    398 |   2830 |   4 | 1236.2 |
    Slime Pits |   3493 |   3205 |    288 |    250 |   2131 |   5 |  698.6 |
  Orcish Mines |   2374 |   2092 |    282 |    207 |   1131 |   2 | 1187.0 |
        Vaults |   8269 |   7840 |    429 |    952 |   4848 |   5 | 1653.8 |
        Depths |   5649 |   5138 |    511 |    403 |   3265 |   4 | 1412.2 |
           Zot |   8582 |   8054 |    528 |   2259 |   3470 |   5 | 1716.4 |
         Abyss |    657 |    657 |      0 |     29 |    202 |   3 |  219.0 |
         Trove |    104 |    104 |      0 |      0 |     82 |   1 |  104.0 |
      Ice Cave |    384 |    384 |      0 |     72 |    126 |   1 |  384.0 |
      Gauntlet |    779 |    779 |      0 |     81 |    159 |   1 |  779.0 |
               +--------+--------+--------+--------+--------+-----+--------+

Top non-repeatable levels by time:
   Zot:1: 2888 daAuts
     D:3: 2511 daAuts
     D:2: 2383 daAuts
   Zot:5: 2311 daAuts
Vaults:5: 2038 daAuts
     D:7: 2036 daAuts
  Lair:5: 1870 daAuts
Depths:2: 1707 daAuts
Spider:4: 1691 daAuts
   Orc:2: 1685 daAuts
     D:5: 1673 daAuts
Vaults:3: 1649 daAuts
Vaults:2: 1600 daAuts
Vaults:4: 1527 daAuts
Depths:4: 1509 daAuts
